ORI
UNIVERSITY OF MINNESOTA GOLDEN GOPHERS @ FLORIDA STATE UNIVERSITY SEMINOLES
12/12/2048
 
TOP OF THE 1ST
University of Minnesota Golden Gophers batting - Pitching for Florida State University Seminoles : RHP Bob Guerrero
Pitching: RHP Bob Guerrero
Batting: SHB Chris Rodgers 0-0: Called Strike
0-1: Ground out 4-3 (Groundball, 4, EV 108.1 MPH)
Batting: RHB Roy Evenden 0-0: Swinging Strike
0-1: Foul Ball, location: 2F
0-2: Ball
1-2: Ball
2-2: Ball
3-2: Strikes out looking
Batting: RHB Tatsuyoshi Ikeda 0-0: SOLO HOME RUN (Line Drive, 7LD, EV 95.6 MPH), Distance : 353 ft
Batting: RHB Jose Garrido 0-0: Ball
1-0: Ball
2-0: Fly out, F7 (Line Drive, 7, EV 95.0 MPH)
Top of the 1st over - 1 run, 1 hit, 0 errors, 0 left on base; University of Minnesota 1 - Florida State University 0
BOTTOM OF THE 1ST
Florida State University Seminoles batting - Pitching for University of Minnesota Golden Gophers : LHP Baden Trevelyan
Pitching: LHP Baden Trevelyan
Batting: RHB Butch Huskey 0-0: Ball
1-0: Ground out 4-3 (Groundball, 4, EV 102.5 MPH)
Batting: SHB Jason Farr 0-0: Foul Ball, location: 2F
0-1: Foul Ball, location: 2F
0-2: Ball
1-2: Fly out, F8 (Line Drive, 78M, EV 90.0 MPH)
Batting: LHB Ethan Ware 0-0: Ball
1-0: Ball
2-0: Called Strike
2-1: Ball
3-1: Base on Balls
Batting: RHB Ed Vilches 0-0: Ball
1-0: Fly out, F8 (Flyball, 8RD, EV 105.0 MPH)
Bottom of the 1st over - 0 runs, 0 hits, 0 errors, 1 left on base; University of Minnesota 1 - Florida State University 0
TOP OF THE 2ND
University of Minnesota Golden Gophers batting - Pitching for Florida State University Seminoles : RHP Bob Guerrero
Batting: LHB Jose Moncada 0-0: Swinging Strike
0-1: Foul Ball, location: 2F
0-2: Foul Ball, location: 3F, Error on foul ball, E3
0-2: Ground out U3 (Groundball, 34, EV 100.6 MPH)
Batting: LHB Bobby Agterberg 0-0: Ball
1-0: Swinging Strike
1-1: Called Strike
1-2: Ball
2-2: Ball
3-2: Foul Ball, location: 2F
3-2: Ground out 4-3 (Groundball, 4, EV 90.0 MPH)
Batting: LHB Ivan Villegas 0-0: Ground out 4-3 (Groundball, 4D, EV 91.2 MPH)
Top of the 2nd over - 0 runs, 0 hits, 1 error, 0 left on base; University of Minnesota 1 - Florida State University 0
BOTTOM OF THE 2ND
Florida State University Seminoles batting - Pitching for University of Minnesota Golden Gophers : LHP Baden Trevelyan
Batting: RHB David Lucarelli 0-0: Called Strike
0-1: Swinging Strike
0-2: Ball
1-2: Ground out 4-3 (Groundball, 4, EV 82.5 MPH)
Batting: RHB George Smienk 0-0: Called Strike
0-1: Swinging Strike
0-2: Strikes out swinging
Batting: SHB John Welsh 0-0: Ball
1-0: Called Strike
1-1: Ball
2-1: Ball
3-1: Swinging Strike
3-2: Foul Ball, location: 2F
3-2: Strikes out looking
Bottom of the 2nd over - 0 runs, 0 hits, 0 errors, 0 left on base; University of Minnesota 1 - Florida State University 0
TOP OF THE 3RD
University of Minnesota Golden Gophers batting - Pitching for Florida State University Seminoles : RHP Bob Guerrero
Batting: RHB Mike Satterfield 0-0: Ball
1-0: Called Strike
1-1: Ball
2-1: Foul Ball, location: 2F
2-2: Ball
3-2: Foul Ball, location: 2F
3-2: Foul Ball, location: 2F
3-2: Strikes out looking
Batting: LHB Phil Bonner 0-0: Ball
1-0: Foul Ball, location: 2F
1-1: Ball
2-1: Swinging Strike
2-2: Strikes out swinging
Batting: SHB Chris Rodgers 0-0: Bunt missed!
0-1: Ball
1-1: Ball
2-1: Ball
3-1: Base on Balls
Batting: RHB Roy Evenden 0-0: Ground out 4-3 (Groundball, 34, EV 84.4 MPH)
Top of the 3rd over - 0 runs, 0 hits, 0 errors, 1 left on base; University of Minnesota 1 - Florida State University 0
BOTTOM OF THE 3RD
Florida State University Seminoles batting - Pitching for University of Minnesota Golden Gophers : LHP Baden Trevelyan
Batting: LHB Hastings Miller 0-0: Foul Ball, location: 2F
0-1: Ball
1-1: Foul Ball, location: 2F
1-2: Ground out 4-3 (Groundball, 4D, EV 97.5 MPH)
Batting: LHB Matt Stewart 0-0: Ball
1-0: Swinging Strike
1-1: Swinging Strike
1-2: Foul Ball, location: 2F
1-2: Strikes out swinging
Batting: RHB Butch Huskey 0-0: Ground out 4-3 (Groundball, 4, EV 84.4 MPH)
Bottom of the 3rd over - 0 runs, 0 hits, 0 errors, 0 left on base; University of Minnesota 1 - Florida State University 0
TOP OF THE 4TH
University of Minnesota Golden Gophers batting - Pitching for Florida State University Seminoles : RHP Bob Guerrero
Batting: RHB Tatsuyoshi Ikeda 0-0: Ball
1-0: Foul Ball, location: 2F
1-1: Foul Ball, location: 2F
1-2: Strikes out swinging
Batting: RHB Jose Garrido 0-0: Called Strike
0-1: SINGLE (Line Drive, 4MD, EV 94.4 MPH)
Batting: LHB Jose Moncada 0-0: Fly out, F5 (Popup, 25, EV 89.4 MPH)
Batting: LHB Bobby Agterberg 0-0: Called Strike
0-1: Ball
1-1: Ball
2-1: Ball
3-1: Fielders Choice at 2nd, 5-4 (Groundball, 5, EV 103.1 MPH)
Top of the 4th over - 0 runs, 1 hit, 0 errors, 1 left on base; University of Minnesota 1 - Florida State University 0
BOTTOM OF THE 4TH
Florida State University Seminoles batting - Pitching for University of Minnesota Golden Gophers : LHP Baden Trevelyan
Batting: SHB Jason Farr 0-0: Foul Ball, location: 2F
0-1: Foul Ball, location: 2F
0-2: Ball
1-2: Fly out, F8 (Line Drive, 8RM, EV 90.6 MPH)
Batting: LHB Ethan Ware 0-0: Called Strike
0-1: Fly out, F9 (Flyball, 89S, EV 73.1 MPH)
Batting: RHB Ed Vilches 0-0: Foul Ball, location: 2F
0-1: Swinging Strike
0-2: Ball
1-2: Ball
2-2: Ball
3-2: Foul Ball, location: 2F
3-2: Base on Balls
Batting: RHB David Lucarelli 0-0: Ball
1-0: Called Strike
1-1: Ball
2-1: Fly out, F7 (Flyball, 78S, EV 92.5 MPH)
Bottom of the 4th over - 0 runs, 0 hits, 0 errors, 1 left on base; University of Minnesota 1 - Florida State University 0
TOP OF THE 5TH
University of Minnesota Golden Gophers batting - Pitching for Florida State University Seminoles : RHP Bob Guerrero
Batting: LHB Ivan Villegas 0-0: Called Strike
0-1: Swinging Strike
0-2: Foul Ball, location: 2F
0-2: Hit by Pitch
Pitching: RHP Danny Sabido
Batting: RHB Mike Satterfield 0-0: Ball
1-0: Foul Ball, location: 2F
1-1: Ball
2-1: Called Strike
2-2: Ball
3-2: Base on Balls
Ivan Villegas to second
Batting: LHB Phil Bonner 0-0: Called Strike
0-1: Foul Ball, location: 2F
0-2: Strikes out swinging
Batting: SHB Chris Rodgers 0-0: Called Strike
0-1: Foul Ball, location: 2F
0-2: Strikes out swinging
Batting: RHB Roy Evenden 0-0: Ball
1-0: Ball
2-0: Swinging Strike
2-1: Swinging Strike
2-2: Foul Ball, location: 2F
2-2: Strikes out looking
Top of the 5th over - 0 runs, 0 hits, 0 errors, 2 left on base; University of Minnesota 1 - Florida State University 0
BOTTOM OF THE 5TH
Florida State University Seminoles batting - Pitching for University of Minnesota Golden Gophers : LHP Baden Trevelyan
Batting: RHB George Smienk 0-0: Called Strike
0-1: Ground out 5-3 (Groundball, 56S, EV 64.4 MPH)
Batting: SHB John Welsh 0-0: Called Strike
0-1: DOUBLE (Flyball, 7LD, EV 96.2 MPH)
Batting: LHB Hastings Miller 0-0: Fly out, F6 (Popup, 6S, EV 75.0 MPH)
Batting: LHB Matt Stewart 0-0: Called Strike
0-1: Called Strike
0-2: Foul Ball, location: 2F
0-2: Strikes out looking
Bottom of the 5th over - 0 runs, 1 hit, 0 errors, 1 left on base; University of Minnesota 1 - Florida State University 0
TOP OF THE 6TH
University of Minnesota Golden Gophers batting - Pitching for Florida State University Seminoles : RHP Danny Sabido
Batting: RHB Tatsuyoshi Ikeda 0-0: Ground out 4-3 (Groundball, 4, EV 105.6 MPH)
Batting: RHB Jose Garrido 0-0: Ground out 6-3 (Groundball, 6S, EV 90.6 MPH)
Batting: LHB Jose Moncada 0-0: Called Strike
0-1: Ball
1-1: Swinging Strike
1-2: Hit by Pitch
Batting: LHB Bobby Agterberg 0-0: Ball
1-0: Ball
2-0: Fly out, F9 (Flyball, 9S, EV 90.6 MPH)
Top of the 6th over - 0 runs, 0 hits, 0 errors, 1 left on base; University of Minnesota 1 - Florida State University 0
BOTTOM OF THE 6TH
Florida State University Seminoles batting - Pitching for University of Minnesota Golden Gophers : LHP Baden Trevelyan
Batting: RHB Butch Huskey 0-0: Ball
1-0: Ball
2-0: Ball
3-0: Base on Balls
Batting: SHB Jason Farr 0-0: Called Strike
Butch Huskey is caught stealing 2nd base 2-4
0-1: Foul Ball, location: 2F
0-2: Ball
1-2: Ball
2-2: Foul Ball, location: 2F
2-2: Ground out 6-3 (Groundball, 6, EV 86.9 MPH)
Batting: LHB Ethan Ware 0-0: Ball
1-0: Swinging Strike
1-1: Called Strike
1-2: SOLO HOME RUN (Flyball, 89XD, EV 104.4 MPH), Distance : 414 ft
Batting: RHB Ed Vilches 0-0: Called Strike
0-1: Ball
1-1: Called Strike
1-2: Foul Ball, location: 2F
1-2: SINGLE (Groundball, 4M, EV 86.9 MPH) (infield hit)
Pitching: RHP Bobby Rodriguez
Batting: RHB David Lucarelli 0-0: Called Strike
0-1: Ball
1-1: Ball
2-1: SINGLE (Flyball, 9S, EV 88.8 MPH)
Ed Vilches to second
Runner from 2nd tries for 3rd, SAFE, throw by RF made to third
Batting: RHB George Smienk 0-0: Called Strike
0-1: Foul Ball, location: 2F
0-2: Ball
1-2: Foul Ball, location: 2F
1-2: Fly out, F8 (Flyball, 8LXD, EV 102.5 MPH)
Bottom of the 6th over - 1 run, 3 hits, 0 errors, 2 left on base; University of Minnesota 1 - Florida State University 1
TOP OF THE 7TH
University of Minnesota Golden Gophers batting - Pitching for Florida State University Seminoles : RHP Danny Sabido
Pitching: LHP Carlo Pond
Batting: LHB Ivan Villegas 0-0: Foul Ball, location: 2F
0-1: Foul Ball, location: 2F
0-2: Ball
1-2: Foul Ball, location: 2F
1-2: Strikes out swinging
Batting: RHB Mike Satterfield 0-0: Ball
1-0: Swinging Strike
1-1: Swinging Strike
1-2: Fly out, F4 (Line Drive, 34, EV 74.4 MPH)
Batting: LHB Phil Bonner 0-0: Foul Ball, location: 2F
0-1: Ball
1-1: Foul Ball, location: 2F
1-2: Strikes out swinging
Top of the 7th over - 0 runs, 0 hits, 0 errors, 0 left on base; University of Minnesota 1 - Florida State University 1
BOTTOM OF THE 7TH
Florida State University Seminoles batting - Pitching for University of Minnesota Golden Gophers : RHP Bobby Rodriguez
Pitching: RHP Enakai Moritiica
Batting: SHB John Welsh 0-0: Ball
1-0: Foul Ball, location: 2F
1-1: Ball
2-1: Ball
3-1: Base on Balls
Batting: LHB Hastings Miller 0-0: Ball
1-0: Bunt missed!
1-1: Bunted foul
1-2: Foul Ball, location: 2F
1-2: Ball
2-2: Ball
3-2: SINGLE (Groundball, 4, EV 105.6 MPH)
John Welsh to second
Runner from 2nd tries for 3rd, SAFE, throw by CF made to third
Batting: LHB Matt Stewart 0-0: Called Strike
0-1: Called Strike
0-2: Strikes out swinging
Batting: RHB Butch Huskey 0-0: SINGLE (Groundball, 6M, EV 106.2 MPH) (infield hit)
John Welsh scores
Hastings Miller to second
Batting: SHB Jason Farr 0-0: DOUBLE (Line Drive, 9LM, EV 97.5 MPH)
Hastings Miller scores
Butch Huskey to third
Batting: LHB Ethan Ware 0-0: Ball
1-0: Ball
2-0: Called Strike
2-1: Ball
3-1: Base on Balls
Batting: RHB Ed Vilches 0-0: Ball
1-0: Ball
2-0: Foul Ball, location: 2F
2-1: SINGLE (Flyball, 56D, EV 93.8 MPH)
Butch Huskey scores
Jason Farr to third
Ethan Ware to second
Batting: RHB David Lucarelli 0-0: Swinging Strike
0-1: GRAND SLAM HOME RUN (Line Drive, 9D, EV 104.4 MPH), Distance : 405 ft
Pitching: LHP Kadidu Kiprotich
Batting: RHB George Smienk 0-0: Called Strike
0-1: Ball
1-1: Called Strike
1-2: Foul Ball, location: 2F
1-2: Strikes out swinging
Batting: SHB John Welsh 0-0: Fly out, F6 (Popup, 6MS, EV 61.2 MPH)
Bottom of the 7th over - 7 runs, 5 hits, 0 errors, 0 left on base; University of Minnesota 1 - Florida State University 8
TOP OF THE 8TH
University of Minnesota Golden Gophers batting - Pitching for Florida State University Seminoles : LHP Carlo Pond
Batting: SHB Chris Rodgers 0-0: Ball
1-0: Foul Ball, location: 2F
1-1: Foul Ball, location: 2F
1-2: Ball
2-2: Ground out 5-3 (Groundball, 15, EV 81.9 MPH)
Batting: RHB Roy Evenden 0-0: Swinging Strike
0-1: Foul Ball, location: 3F, Error on foul ball, E3
0-2: Ball
1-2: Foul Ball, location: 2F
1-2: Strikes out swinging
Batting: RHB Tatsuyoshi Ikeda 0-0: Ball
1-0: Called Strike
1-1: Ball
2-1: Swinging Strike
2-2: Strikes out swinging
Top of the 8th over - 0 runs, 0 hits, 1 error, 0 left on base; University of Minnesota 1 - Florida State University 8
BOTTOM OF THE 8TH
Florida State University Seminoles batting - Pitching for University of Minnesota Golden Gophers : LHP Kadidu Kiprotich
Batting: LHB Hastings Miller 0-0: Fly out, F7 (Flyball, 7, EV 83.8 MPH)
Batting: LHB Matt Stewart 0-0: Ball
1-0: Ball
2-0: Ball
3-0: Called Strike
3-1: Foul Ball, location: 2F
3-2: Foul Ball, location: 2F
3-2: Foul Ball, location: 2F
3-2: SINGLE (Line Drive, 8RS, EV 102.5 MPH)
Batting: RHB Butch Huskey 0-0: Fly out, F8 (Line Drive, 8LM, EV 90.6 MPH)
Batting: SHB Jason Farr 0-0: Ball
1-0: Swinging Strike
1-1: Foul Ball, location: 2F
1-2: Strikes out swinging
Bottom of the 8th over - 0 runs, 1 hit, 0 errors, 1 left on base; University of Minnesota 1 - Florida State University 8
TOP OF THE 9TH
University of Minnesota Golden Gophers batting - Pitching for Florida State University Seminoles : LHP Carlo Pond
Batting: RHB Jose Garrido 0-0: Called Strike
0-1: Swinging Strike
0-2: Ball
1-2: Strikes out swinging
Batting: LHB Jose Moncada 0-0: Called Strike
0-1: Called Strike
0-2: Ball
1-2: Foul Ball, location: 2F
1-2: Ball
2-2: Fly out, F5 (Line Drive, 5, EV 67.5 MPH)
Batting: LHB Bobby Agterberg 0-0: Called Strike
0-1: Called Strike
0-2: Foul Ball, location: 2F
0-2: Ball
1-2: Ball
2-2: Ball
3-2: Fly out, F7 (Flyball, 78S, EV 90.6 MPH)
Top of the 9th over - 0 runs, 0 hits, 0 errors, 0 left on base; University of Minnesota 1 - Florida State University 8
Tuesday, March 28th , 2023 - OOTP Baseball 23.10 Build 110